 Dungeon Crawl Stone Soup version 0.22-a0-368-g870eee8 (webtiles) character file.

4297 Amnesiac the Nimble (level 10, -5/79 HPs)
             Began as a Mummy Wizard on Apr 23, 2018.
             Was an Elder of Kikubaaqudgha.
             Slain by a two-headed ogre
             ... wielding a +0 giant club
              (18 damage)
             ... on level 9 of the Dungeon.
             The game lasted 00:23:19 (10016 turns).

Amnesiac the Nimble (Mummy Wizard)                 Turns: 10016, Time: 00:23:20

Health: -5/79      AC:  5    Str: 11    XL:     10   Next: 11%
Magic:  12/17      EV: 19    Int: 20    God:    Kikubaaqudgha [****..]
Gold:   380        SH:  0    Dex: 11    Spells: 4/18 levels left

rFire    + . .     SeeInvis .   q - +7 flail of Resourcefulness {venom, rF++}
rCold    + . .     Gourm    .   (no shield)
rNeg     + + +     Faith    +   f - +0 robe
rPois    ∞         Spirit   .   (no helmet)
rElec    .         Reflect  .   (no cloak)
rCorr    .         Harm     .   e - +2 pair of gloves
MR       +....                  (no boots)
Stlth    ++........             d - amulet of faith
HPRegen  0.23/turn              p - +3 ring of evasion
MPRegen  0.15/turn              (no ring)

@: no status effects
A: no food or potions, fire vulnerability, cold resistance 1, negative energy
resistance 3, torment resistance, unbreathing
a: Receive Corpses, Renounce Religion


You were on level 9 of the Dungeon.
You worshipped Kikubaaqudgha.
Kikubaaqudgha was greatly pleased with you.
You were not hungry.

You visited 2 branches of the dungeon, and saw 10 of its levels.

You collected 380 gold pieces.

Inventory:

Hand Weapons
 a - the +8 spear "Moedaif" {flame, Str+10 Int+4}
   (You found it on level 4 of the Dungeon)

   It has been specially enchanted to burn those struck by it, causing extra
   injury to most foes and up to half again as much damage against particularly
   susceptible opponents.
   It affects your strength (+10).
   It affects your intelligence (+4).
 b - a +1 dagger of pain
 k - a +0 hunting sling
 q - the +7 flail of Resourcefulness (weapon) {venom, rF++}
   (You took it off an orc on level 9 of the Dungeon)

   It poisons the flesh of those it strikes.
   It greatly protects you from fire.
Missiles
 c - 299 stones (quivered)
 i - 50 sling bullets
Armour
 e - a +2 pair of gloves (worn)
 f - a +0 robe (worn)
 l - a +0 pair of boots
Jewellery
 d - an amulet of faith (around neck)
 p - a +3 ring of evasion (left hand)
Wands
 h - a wand of random effects (10)
 r - a wand of iceblast (12)
Scrolls
 g - 3 scrolls of remove curse {!r}
 j - a scroll of magic mapping {!r}
 m - a scroll of teleportation {!r}
 n - a scroll of noise {!r}
 o - a scroll of enchant armour {!r}


   Skills:
 - Level 7.0 Fighting
 - Level 9.0 Dodging
 - Level 1.5 Stealth
 + Level 4.7 Spellcasting
 - Level 4.0 Conjurations
 - Level 0.7 Summonings
 * Level 5.1 Necromancy
 - Level 0.7 Translocations


You had 4 spell levels left.
You knew the following spells:

 Your Spells              Type           Power        Failure   Level  Hunger
a - Magic Dart            Conj           ###.         2%          1    N/A
b - Call Imp              Summ           #.......     14%         2    N/A
d - Vampiric Draining     Necr           ####......   4%          3    N/A
e - Mephitic Cloud        Conj/Pois/Air  ##......     21%         3    N/A
s - Conjure Flame         Conj/Fire      ##......     16%         3    N/A
v - Blink                 Tloc           N/A          14%         2    N/A

Dungeon Overview and Level Annotations

Branches:
Dungeon (9/15)             Temple (1/1) D:7            Lair (0/6) D:8
    Orc: D:9-12

Altars:
Ashenzari
Cheibriados
Dithmenos
Elyvilon
Fedhas
Gozag
Hepliaklqana
Kikubaaqudgha
Nemelex Xobeh
Okawaru
Qazlal
Ru
Sif Muna
Trog
Uskayaw
Wu Jian
Xom
Yredelemnul
Zin
The Shining One


Innate Abilities, Weirdness & Mutations

You do not eat or drink.
Your flesh is vulnerable to fire.
You are immune to poison.
Your flesh is cold resistant. (rC+)
You are immune to negative energy. (rN+++)
You are immune to unholy pain and torment.
You can survive without breathing.


Message History

A sky beast is nearby!
A sky beast is nearby!
Items here: ( )) [ a war axe; 2 tomahawks of returning; a chain mail; a dire flail
Things that are here:
a ring mail; a short sword The sky beast flickers out of sight!
Deactivating autopickup; reactivate with Ctrl-A.
You thump something! Something barely misses you.
You miss something. Something misses you.
You hit something. Something barely misses you. x2
You miss something. Something hits you but does no damage.
You miss something. Something barely misses you. Something closely misses you.
You barely miss something. Something hits you but does no damage.
You completely miss something. Something closely misses you.
Casting: Vampiric Draining (safe; 4% risk of failure)
Confirm with . or Enter, or press ? or * to list all spells.
Okay, then.
The two-headed ogre shouts in stereo!
A sky beast appears from thin air!
Reactivating autopickup.
The sky beast misses you.
Casting: Vampiric Draining (safe; 4% risk of failure)
Confirm with . or Enter, or press ? or * to list all spells.
Aiming: Vampiric Draining (safe; 4% risk of failure)
Press: ? - help, Shift-Dir - straight line, f - sky beast
Aim: a sky beast (heavily wounded)
The sky beast is severely wounded.
You feel life coursing into your body. The sky beast barely misses you.
You see here 2 inky potions {!q}.
The sky beast flickers out of sight!
Deactivating autopickup; reactivate with Ctrl-A.
Something closely misses you.
You barely miss something. Something completely misses you.
You sock something! Kikubaaqudgha accepts your kill.
Reactivating autopickup.
You feel a bit more experienced.
Casting: Vampiric Draining (safe; 4% risk of failure)
Confirm with . or Enter, or press ? or * to list all spells.
Aiming: Conjure Flame (safe; 16% risk of failure)
Press: ? - help, Dir - move target cursor The fire ignites!
You hit the two-headed ogre but do no damage.
The two-headed ogre is engulfed in blazing flames.
The two-headed ogre closely misses you.
The two-headed ogre hits you with a giant club!!
You closely miss the two-headed ogre.
The two-headed ogre is moderately wounded.
The two-headed ogre is engulfed in blazing flames.
The two-headed ogre hits you with a giant club!!
* * * LOW HITPOINT WARNING * * *
The two-headed ogre barely misses you.
The two-headed ogre is engulfed in blazing flames.
The two-headed ogre hits you with a giant club!!
* * * LOW HITPOINT WARNING * * *
The two-headed ogre closely misses you.
You hit the two-headed ogre but do no damage.
The two-headed ogre is severely wounded.
The two-headed ogre is engulfed in blazing flames.
The two-headed ogre completely misses you.
The two-headed ogre hits you with a giant club!!
You die...
Kikubaaqudgha rasps: "You have failed me!
Welcome... oblivion!"

#.# #######.# #.. #†#
#.# #.. #.# ##.## #..
#.# #.).####.# #.#
#.#....... #.#
#...####!# #.#
########.#
#.##########...†.....
#...@O.......########
##############


You could see a two-headed ogre.

Vanquished Creatures
  A death yak (D:8)
  Grinder (D:3)
  A hippogriff (D:9)
  A yak (D:8)
  A hungry ghost (D:8)
  An ice beast (D:7)
  2 sky beasts
  2 phantoms
  6 orc warriors
  An ogre (D:6)
  A centaur (D:7)
  A big kobold (D:9)
  2 bullfrogs (D:7)
  A water moccasin zombie (D:6)
  A scorpion (D:9)
  6 killer bees (D:7)
  A howler monkey (D:7)
  3 crimson imps
  2 bullfrog skeletons
  2 hounds
  2 jellies
  2 orc priests
  6 orc wizards
  An iguana (D:7)
  7 worker ants
  Natasha (thrice) (D:3)
  A hound zombie (D:9)
  8 gnolls
  12 adders
  3 shadow imps
  An ooze (D:4)
  2 adder zombies
  An adder skeleton (D:7)
  5 dart slugs
  2 worms
  9 leopard geckos
  27 orcs
  4 giant cockroaches
  A goblin (D:2)
  4 hobgoblins
  20 jackals
  12 kobolds
  4 quokkas
  3 ball pythons (D:3)
  A ball python skeleton (D:4)
  4 bats
  3 frilled lizards
  A leopard gecko zombie (D:9)
  7 rats
193 creatures vanquished.

Vanquished Creatures (collateral kills)
  A phantom (D:7)
  3 scorpions (D:4)
  An orc priest (D:4)
  4 orc wizards
  A worker ant (D:4)
  3 gnolls (D:4)
  2 orcs (D:4)
15 creatures vanquished.

Vanquished Creatures (others)
  An orc wizard (D:6)
1 creature vanquished.

Grand Total: 209 creatures vanquished

Notes
Turn   | Place    | Note
-------+----------+-------------------------------------------
     0 | D:1      | Amnesiac the Mummy Wizard began the quest for the Orb.
     0 | D:1      | Reached XP level 1. HP: 13/13 MP: 5/5
   380 | D:2      | Reached skill level 1 in Conjurations
   428 | D:2      | Reached skill level 2 in Dodging
   428 | D:2      | Reached XP level 2. HP: 20/20 MP: 0/7
   432 | D:2      | Learned a level 2 spell: Call Imp
   501 | D:2      | Reached skill level 1 in Fighting
   615 | D:2      | Reached XP level 3. HP: 26/26 MP: 2/8
   620 | D:2      | Learned a level 3 spell: Conjure Flame
   624 | D:2      | Learned a level 3 spell: Mephitic Cloud
   850 | D:3      | Found a snail-covered altar of Cheibriados.
  1091 | D:4      | Reached XP level 4. HP: 32/32 MP: 2/10
  1201 | D:4      | Reached skill level 3 in Dodging
  1468 | D:4      | Got an ancient spear
  1811 | D:4      | Reached XP level 5. HP: 38/38 MP: 5/11
  2038 | D:5      | Entered Level 5 of the Dungeon
  2546 | D:3      | Noticed Natasha
  2862 | D:3      | Noticed Grinder
  2872 | D:3      | Paralysed by Grinder for 4 turns
  2882 | D:3      | Killed Grinder
  2882 | D:3      | Reached skill level 4 in Dodging
  2882 | D:3      | Reached XP level 6. HP: 31/46 MP: 1/12
  2977 | D:3      | Found an opulent altar of Gozag.
  2977 | D:3      | Found a glowing silver altar of Zin.
  3032 | D:3      | Found a sparkling altar of Nemelex Xobeh.
  3799 | D:4      | Identified the +8 spear "Moedaif" {flame, Str+10 Int+4} (You found it on level 4 of the Dungeon)
  4408 | D:5      | Found a sacrificial altar of Ru.
  4476 | D:5      | Reached XP level 7. HP: 38/52 MP: 13/13
  4499 | D:5      | Reached skill level 5 in Dodging
  4739 | D:5      | Found a white marble altar of Elyvilon.
  5164 | D:6      | Noticed a gargoyle
  5420 | D:7      | Found a staircase to the Ecumenical Temple.
  5425 | Temple   | Entered the Ecumenical Temple
  5432 | Temple   | Became a worshipper of Kikubaaqudgha
  6042 | D:2      | Learned a level 2 spell: Blink
  6406 | D:2      | Reached * piety under Kikubaaqudgha
  6406 | D:2      | Identified Kikubaaqudgha's Grimoire of Black Secrets (Kikubaaqudgha gifted it to you on level 2 of the Dungeon)
  6406 | D:2      | Received a gift from Kikubaaqudgha
  6968 | D:3      | Found a sparkling altar of Nemelex Xobeh.
  7143 | D:3      | Killed Natasha
  7169 | D:3      | Noticed Natasha
  7176 | D:3      | Killed Natasha
  7275 | D:3      | Learned a level 3 spell: Vampiric Draining
  7332 | D:3      | Noticed Natasha
  7338 | D:3      | Killed Natasha
  7456 | D:6      | Reached XP level 8. HP: 61/61 MP: 14/14
  7479 | D:6      | Found a shimmering altar of Xom.
  7481 | D:6      | Found a basalt altar of Yredelemnul.
  7587 | D:6      | Found a stormy altar of Qazlal.
  7685 | D:6      | Reached skill level 6 in Dodging
  7822 | D:7      | Reached skill level 5 in Fighting
  7889 | D:7      | Reached ** piety under Kikubaaqudgha
  7946 | D:7      | Reached skill level 7 in Dodging
  8103 | D:7      | Reached skill level 1 in Necromancy
  8103 | D:7      | Reached XP level 9. HP: 50/69 MP: 9/15
  8826 | D:8      | Found a hide-covered altar of Uskayaw.
  8838 | D:8      | Noticed a death yak
  8839 | D:8      | Found a staircase to the Lair.
  8840 | D:8      | Noticed a death yak
  8841 | D:8      | Noticed a death yak
  8841 | D:8      | Noticed a death yak
  8841 | D:8      | Noticed a death yak
  8875 | D:8      | Killed a death yak
  8875 | D:8      | Reached skill level 8 in Dodging
  8992 | D:9      | Noticed a two-headed ogre
  9089 | D:9      | Reached *** piety under Kikubaaqudgha
  9089 | D:9      | Identified Kikubaaqudgha's Tome of Sinister Arts (Kikubaaqudgha gifted it to you on level 9 of the Dungeon)
  9089 | D:9      | Received a gift from Kikubaaqudgha
  9409 | D:9      | Reached skill level 9 in Dodging
  9455 | D:9      | Found a shattered altar of Ashenzari.
  9631 | D:9      | Reached XP level 10. HP: 60/79 MP: 16/16
  9670 | D:9      | Got a scorched flail {venom}
  9671 | D:9      | Identified the +7 flail of Resourcefulness {venom, rF++} (You took it off an orc on level 9 of the Dungeon)
  9716 | D:9      | Reached **** piety under Kikubaaqudgha
  9961 | D:9      | Reached skill level 5 in Necromancy
 10016 | D:9      | Slain by a two-headed ogre

Vault maps used:
D:1:      evilmike_arrival_rings
D:3:      grunt_temple_overflow_gold_and_silver, marbit_many_paths,
          nemelex_xobeh_ov_fountains_minmay, nemelex_diamond_rough_becter,
          uniq_natasha, uniq_grinder
D:4:      supply_closet_lemuel
D:5:      overflow_temple_1_default, lemuel_doored_altar, first_ration
D:6:      grunt_qazlal_clouds, yredelemnul_altar_generic, basic_altar
D:7:      minmay_temple_entry_butterflies
D:8:      lemuel_crystal_altar, dpeg_lair_monsters
D:9:      lemuel_crystal_altar, david_orc_5
Temple:   nicolae_temple_x_marks_the_god

Skill      XL: |  1  2  3  4  5  6  7  8  9 10 |
---------------+-------------------------------+-----
Conjurations   | 1 2 3 4 |  4.0
Dodging        | 2 3 4 5 7 9 |  9.0
Fighting       | 1 2 3 4 5 7 |  7.0
Necromancy     | 1 4 5 |  5.1
Stealth        | |  1.5
Spellcasting   | |  4.7
Summonings     | |  0.7
Translocations | |  0.7

Action                   |  1- 3 |  4- 6 |  7- 9 | 10-12 || total
-------------------------+-------+-------+-------+-------++-------
Melee: Mace              |    10 |    36 |       |       ||    46
       Spear             |       |    50 |   407 |     3 ||   460
       Flail             |       |       |       |    40 ||    40
 Cast: Magic Dart        |    52 |    60 |       |     2 ||   114
       Call Imp          |     5 |    34 |    12 |       ||    51
       Mephitic Cloud    |       |    10 |    13 |     1 ||    24
       Conjure Flame     |       |       |     5 |     1 ||     6
       Blink             |       |       |     5 |       ||     5
       Vampiric Draining |       |       |     4 |     6 ||    10
  Use: Scroll            |     1 |     5 |     8 |       ||    14
 Stab: Distracted        |       |     1 |     1 |       ||     2
       Sleeping          |       |     1 |     5 |       ||     6
       Confused          |       |     1 |     6 |       ||     7
Armor: Robe              |     4 |    24 |    31 |    18 ||    77
Dodge: Dodged            |    17 |   111 |   282 |    82 ||   492

Table legend:
 A = Spawn XP
 B = Non-spawn XP
 C = Spawn XP percentage of total XP
 D = Spawn monster count
 E = Non-spawn monster count
 F = Spawn count percentage of total count
 G = Total turns spent on level
                    A         B        C        D         E        F      G
               +---------+---------+-------+---------+---------+-------+---------
         Total |       0 |    6139 |   0.0 |       0 |     208 |   0.0 | 10016
               +---------+---------+-------+---------+---------+-------+---------
           D:1 |       0 |      21 |   0.0 |       0 |      12 |   0.0 |   790
           D:2 |       0 |     185 |   0.0 |       0 |      36 |   0.0 |  1259
           D:3 |       0 |     345 |   0.0 |       0 |      24 |   0.0 |  1836
           D:4 |       0 |     360 |   0.0 |       0 |      23 |   0.0 |  2271
           D:5 |       0 |     369 |   0.0 |       0 |      16 |   0.0 |   715
           D:6 |       0 |     512 |   0.0 |       0 |      15 |   0.0 |  1099
           D:7 |       0 |    1379 |   0.0 |       0 |      25 |   0.0 |   793
           D:8 |       0 |    1277 |   0.0 |       0 |       6 |   0.0 |   175
           D:9 |       0 |    1691 |   0.0 |       0 |      51 |   0.0 |  1063
               +---------+---------+-------+---------+---------+-------+---------
